 Dungeon Crawl Stone Soup version 0.23.2-40-g277498a001 (webtiles) character file.

Game seed: 3319330044558009078

54579 Frank2 the Severer (level 14, -1/119 HPs)
             Began as a Demigod Gladiator on Aug 29, 2019.
             Engulfed by a fire crab's flame (11 damage)
             ... in a Gauntlet.
             The game lasted 00:34:22 (16931 turns).

Frank2 the Severer (Demigod Gladiator)             Turns: 16931, Time: 00:34:23

Health: -1/119     AC: 23    Str: 19    XL:     14   Next: 2%
Magic:  25/25      EV: 18    Int: 12    God:
Gold:   1019       SH:  5    Dex: 23    Spells: 13/13 levels left

rFire    + . .     SeeInvis .   B - +8 war axe of Execution {flame, rF+}
rCold    . . .     Gourm    .   (no shield)
rNeg     . . .     Faith    .   w - +3 ring mail
rPois    +         Spirit   .   c - +1 helmet
rElec    .         Reflect  +   t - +2 cloak
rCorr    .         Harm     .   (no gloves)
MR       +....     NoTele   +   y - +2 pair of boots
Stlth    +.........             p - +5 amulet of reflection
HPRegen  0.29/turn              e - ring of poison resistance
MPRegen  0.19/turn              E - +5 ring of protection

@: berserk cooldown, hasted, very quick
A: high mp 1
a: no special abilities


You were in a Gauntlet.
You were hungry.

You visited 2 branches of the dungeon, and saw 20 of its levels.
You also visited: Gauntlet and Volcano.

You collected 1322 gold pieces.
You spent 303 gold pieces at shops.

Inventory:

Hand Weapons
 B - the +8 war axe of Execution (weapon) {flame, rF+}
   (You bought it in a shop on level 4 of the Dungeon)

   It has been specially enchanted to burn those struck by it, causing extra
   injury to most foes and up to half again as much damage against particularly
   susceptible opponents.
   Big, fiery blades are also staple armaments of hydra-hunters.
   It protects you from fire.
Missiles
 d - 6 throwing nets (quivered)
Armour
 c - a +1 helmet (worn)
 t - a +2 cloak (worn)
 w - a +3 ring mail (worn)
 y - a +2 pair of boots (worn)
 F - a scarf of repulsion
Jewellery
 e - a ring of poison resistance (left hand)
 k - an uncursed amulet of harm {unknown}
 p - a +5 amulet of reflection (around neck)
 v - an uncursed ring of positive energy
 E - a +5 ring of protection (right hand)
 J - an uncursed ring of magical power {unknown}
Wands
 g - a wand of iceblast (26)
 o - a wand of scattershot (4)
 r - a wand of flame (23)
 G - a wand of paralysis (9)
 I - a wand of acid (1)
Scrolls
 b - 10 scrolls of remove curse
 l - 5 scrolls of identify
 m - 3 scrolls of teleportation
 x - 5 scrolls of fog
 C - 3 scrolls of fear
 D - 4 scrolls of enchant weapon
 H - a scroll of enchant armour
 K - a scroll of blinking
Potions
 a - a potion of heal wounds
 h - a potion of flight
 i - a potion of brilliance
 j - 6 potions of curing
 q - 2 potions of lignification
 s - 5 potions of mutation
 u - a potion of magic
 A - 2 potions of berserk rage
Miscellaneous
 n - a phantom mirror
Comestibles
 f - 43 rations


   Skills:
 + Level 9.7 Fighting
 + Level 15.3 Axes
 - Level 1.7 Throwing
 + Level 7.3 Armour
 + Level 8.1 Dodging
 * Level 10.2 Evocations


You had 13 spell levels left.
You didn't know any spells.
Your spell library contained the following spells:

 Spells                   Type           Power        Failure   Level  Hunger
 Beastly Appendage        Tmut           #.....       47%         1    ##.....
 Corona                   Hex            #......      47%         1    ##.....
 Infusion                 Chrm           #...         47%         1    ##.....
 Magic Dart               Conj           #...         47%         1    ##.....
 Sandblast                Erth           #.....       47%         1    ##.....
 Summon Small Mammal      Summ           #...         47%         1    ##.....
 Blink                    Tloc           N/A          63%         2    ###....
 Call Imp                 Summ           #.......     63%         2    ###....
 Ensorcelled Hibernation  Hex/Ice        #.....       63%         2    ###....
 Passwall                 Tmut/Erth      #.......     63%         2    ###....
 Shroud of Golubria       Chrm/Tloc      #.........   63%         2    ###....
 Slow                     Hex            #.......     63%         2    ###....
 Song of Slaying          Chrm           #.......     63%         2    ###....
 Sticks to Snakes         Tmut           #.......     63%         2    ###....
 Call Canine Familiar     Summ           #.......     85%         3    ####...
 Confuse                  Hex            #.......     85%         3    ####...
 Conjure Flame            Conj/Fire      #.......     85%         3    ####...
 Dazzling Spray           Conj/Hex       #.....       85%         3    ####...
 Ignite Poison            Fire/Tmut/Pois #.......     85%         3    ####...
 Inner Flame              Hex/Fire       #.......     85%         3    ####...
 Mephitic Cloud           Conj/Pois/Air  #.......     85%         3    ####...
 Portal Projectile        Hex/Tloc       #.....       85%         3    ####...
 Regeneration             Chrm/Necr      #.........   85%         3    ####...
 Spectral Weapon          Hex/Chrm       #.......     85%         3    ####...
 Spider Form              Tmut/Pois      #.........   85%         3    ####...
 Stone Arrow              Conj/Erth      #.....       85%         3    ####...
 Summon Guardian Golem    Hex/Summ       #.......     85%         3    ####...
 Tukima's Dance           Hex            #.......     85%         3    ####...
 Cause Fear               Hex            #.........   99%         4    #####..
 Ice Form                 Ice/Tmut       #.......     99%         4    #####..
 Leda's Liquefaction      Hex/Erth       #.........   99%         4    #####..
 Petrify                  Tmut/Erth      #.......     99%         4    #####..
 Summon Ice Beast         Ice/Summ       #.......     99%         4    #####..
 Summon Lightning Spire   Summ/Air       #.......     99%         4    #####..
 Blade Hands              Tmut           #.........   100%        5    ######.
 Fireball                 Conj/Fire      #.........   100%        5    ######.
 Irradiate                Conj/Tmut      #.........   100%        5    ######.
 Lee's Rapid Deconstruct  Erth           #.........   100%        5    ######.
 Bolt of Fire             Conj/Fire      #.........   100%        6    #######
 Hydra Form               Tmut           #.........   100%        6    #######
 Statue Form              Tmut/Erth      #........    100%        6    #######
 Dragon Form              Tmut           #.........   100%        7    #######
 Ring of Flames           Chrm/Fire      #.........   100%        7    #######
 Ignition                 Fire           #.........   100%        8    #######


Dungeon Overview and Level Annotations

Branches:
Dungeon (15/15)            Temple (0/1) D:5            Lair (5/6) D:9
  Swamp (0/4) Lair:3        Snake (0/4) Lair:4          Orc (0/2) D:11
  Slime: Lair:5-6    Vaults: D:13-14     Depths: D:15

Shops:
D:4 *   D:11 *

Portals:
Trove: D:14 (give 4 scrolls of blinking)

Annotations:
D:14 exclusion: Roxanne, Roxanne
Lair:3 3 runed translucent doors, Higadal's ghost, journeyman MiFi Gauntlet 9 transporters


Innate Abilities, Weirdness & Mutations

You have an increased reservoir of magic. (+10% MP)


Message History

Unknown command.
You slice the hell hound!!
You kill the hell hound!
You slash the fire bat!
The fire bat bites you but does no damage. x2
The fire bat closely misses you.
You slash the fire bat!
You kill the fire bat!
You completely miss the fire bat. The fire bat misses you.
You miss the fire bat. You block the fire bat's attack.
The hell hound breathes flames at you.
The blast of flame hits the fire bat.
The fire bat completely resists.
The blast of flame hits you! You resist.
* * * LOW HITPOINT WARNING * * *
The fire crab breathes flames at you.
The blast of flame engulfs the hell hound.
The hell hound completely resists.
The fire bat bites you but does no damage.
You feel yourself speed up.
You are engulfed in blazing flames.
You resist.
You die...

###############
##≈#≈#≈#≈#≈#≈#§###############
##....§..........#≈#≈#≈#§#≈#§#≈
#≈.8......8.............§......
##...............8.....8.....8.
#≈...###########...............
##...#....○thbb#...#########...
#≈...#.#.....#@#...#©#.#...#...
##...#..##b##○.######[.#.#.#...
#≈...#:.##.##..#...#.=.#.#.#...
##.8.#©.#.©.#..#©8©####©.#.#©8.
#≈...#[.##.##..#...#.....#.#...
##...#:.##.##..#####.####..#...
#≈...#.#.....#.#...#.......#...
##§..#.........#...#########...
#§...###########...............


You could see a fire crab, a hell hound and 2 fire bats.

Vanquished Creatures
  Louise (D:14)
  An ogre mage (Volcano)
  Erolcha (D:9)
  An ice dragon (Lair:4)
  A vault guard (D:14)
  9 hydras
  A catoblepas (Lair:4)
  A centaur warrior (D:13)
  11 two-headed ogres
  A hell knight (Volcano)
  2 unseen horrors
  A lindwurm (Lair:4)
  An ugly thing (D:13)
  3 elephants
  3 black mambas (Lair:4)
  An apocalypse crab (Gauntlet)
  Psyche (D:11)
  3 molten gargoyles
  A yaktaur (shapeshifter) (D:14)
  12 spiny frogs
  4 centaur skeletons
  A gargoyle (D:10)
  A kobold demonologist (D:9)
  5 komodo dragons
  A queen bee (Lair:1)
  3 trolls
  A polar bear (Lair:3)
  5 slime creatures (D:13)
  11 blink frogs
  10 hippogriffs
  A shadow (D:11)
  4 basilisks
  A human (D:10)
  4 wyverns
  7 fire bats
  18 yaks
  Grum (D:8)
  3 hogs (D:10)
  A wraith (D:11)
  A hungry ghost (D:8)
  3 steam dragons
  2 nagas (Lair:4)
  A swamp worm (Lair:3)
  A hell hound (Gauntlet)
  9 water moccasins
  5 porcupines
  A black bear (D:10)
  5 orc warriors
  An ice beast (D:5)
  An eye of draining (D:10)
  A sky beast (D:10)
  4 phantoms
  12 wolves
  2 centaurs
  8 ogres
  11 crocodiles
  6 big kobolds
  14 bullfrogs
  A wyvern skeleton (D:10)
  5 scorpions
  8 wights
  24 killer bees
  A howler monkey (D:12)
  10 crimson imps
  12 lava snakes
  3 centaur zombies
  5 jellies
  2 bullfrog zombies
  2 gnoll shamans (D:7)
  5 orc priests
  7 orc wizards
  9 hounds
  Jessica (D:2)
  7 iguanas
  14 worker ants
  A hound zombie (D:6)
  2 hound skeletons
  2 worker ant zombies
  16 adders
  15 gnolls
  2 howler monkey skeletons
  A shadow imp (D:7)
  A white imp (Lair:4)
  An ooze (D:1)
  2 adder zombies
  A worm (D:3)
  2 dart slugs
  7 leopard geckos
  36 orcs
  8 bats
  5 giant cockroaches
  13 goblins
  6 hobgoblins
  4 jackals (D:8)
  22 kobolds
  4 quokkas
  3 ball pythons
  2 frilled lizards
  A jackal zombie (D:5)
  A quokka skeleton (D:5)
  7 rats
  A fungus (Lair:4)
508 creatures vanquished.

Vanquished Creatures (others)
  A centaur skeleton (D:11)
  An orc wizard (D:6)
  A bush (Lair:1)
  2 fungi
  2 plants
7 creatures vanquished.

Grand Total: 515 creatures vanquished

Notes
Turn   | Place    | Note
-------+----------+-------------------------------------------
     0 | D:1      | Frank2 the Demigod Gladiator began the quest for the Orb.
     0 | D:1      | Reached XP level 1. HP: 17/17 MP: 3/3
   159 | D:1      | Found a snail-covered altar of Cheibriados.
   340 | D:1      | Reached XP level 2. HP: 24/24 MP: 4/4
   369 | D:1      | Reached skill level 3 in Axes
   910 | D:2      | Reached XP level 3. HP: 21/29 MP: 5/5
  1177 | D:2      | Reached skill level 1 in Armour
  1190 | D:2      | Noticed Jessica
  1195 | D:2      | Killed Jessica
  1195 | D:2      | Reached XP level 4. HP: 21/36 MP: 6/6
  2224 | D:3      | Reached skill level 4 in Axes
  2233 | D:3      | Reached XP level 5. HP: 29/42 MP: 7/7
  3103 | D:4      | Found Qugep's Assorted Antiques.
  3116 | D:4      | Bought a glowing cloak for 142 gold pieces
  3137 | D:4      | Reached XP level 6. HP: 45/50 MP: 8/8
  3143 | D:4      | Reached skill level 5 in Axes
  3506 | D:5      | Entered Level 5 of the Dungeon
  3515 | D:5      | Reached skill level 1 in Evocations
  3821 | D:5      | Found a staircase to the Ecumenical Temple.
  3859 | D:5      | Reached XP level 7. HP: 20/57 MP: 11/11
  4332 | D:6      | Reached skill level 6 in Axes
  4811 | D:6      | Reached XP level 8. HP: 42/66 MP: 11/13
  4946 | D:6      | Reached skill level 7 in Axes
  5795 | D:4      | Bought an ebony war axe for 161 gold pieces
  5795 | D:4      | Identified the +8 war axe of Execution {flame, rF+} (You
                  | bought it in a shop on level 4 of the Dungeon)
  5873 | D:7      | Found a hide-covered altar of Uskayaw.
  6090 | D:8      | Noticed a two-headed ogre
  6103 | D:8      | Killed a two-headed ogre
  6103 | D:8      | Reached skill level 8 in Axes
  6103 | D:8      | Reached XP level 9. HP: 14/72 MP: 13/15
  6377 | D:8      | Noticed Grum
  6386 | D:8      | Killed Grum
  6563 | D:8      | Found a basalt altar of Yredelemnul.
  6721 | D:8      | Reached skill level 9 in Axes
  6912 | D:8      | Reached skill level 5 in Evocations
  7175 | D:9      | Reached skill level 5 in Fighting
  7259 | D:9      | Noticed a kobold demonologist
  7265 | D:9      | Killed a kobold demonologist
  7304 | D:9      | Reached skill level 5 in Dodging
  7378 | D:9      | Reached XP level 10. HP: 33/81 MP: 17/17
  7660 | D:9      | Reached skill level 10 in Axes
  7683 | D:9      | Noticed Erolcha
  7698 | D:9      | Killed Erolcha
  7898 | D:9      | Found a staircase to the Lair.
  7994 | D:10     | Entered Level 10 of the Dungeon
  8040 | D:10     | Reached skill level 5 in Armour
  8192 | D:10     | Reached skill level 11 in Axes
  8711 | D:11     | Noticed a five-headed hydra
  8718 | D:11     | Killed a one-headed hydra
  8718 | D:11     | Reached XP level 11. HP: 65/89 MP: 19/19
  8719 | D:11     | Found a staircase to the Orcish Mines.
  8740 | D:11     | Noticed a two-headed ogre
  8865 | D:11     | Killed a two-headed ogre
  8939 | D:11     | Noticed Psyche
  8947 | D:11     | Killed Psyche
  8949 | D:11     | Killed an unseen horror
  9021 | D:11     | Found a snail-covered altar of Cheibriados.
  9038 | D:11     | Found Hurrei Uczy's Assorted Antiques.
  9061 | D:11     | Reached skill level 12 in Axes
  9075 | D:11     | Found a blossoming altar of Fedhas.
  9550 | D:12     | You fall through a shaft for 3 floors!
  9550 | D:15     | Entered Level 15 of the Dungeon
  9573 | D:15     | Noticed a two-headed ogre
  9573 | D:15     | Noticed a two-headed ogre
  9574 | D:15     | Killed a two-headed ogre
  9574 | D:15     | Killed a two-headed ogre
  9575 | D:15     | Noticed an ogre mage
  9575 | D:15     | Noticed a two-headed ogre
  9575 | D:15     | Noticed a two-headed ogre
  9575 | D:15     | Noticed a two-headed ogre
  9676 | D:14     | Noticed a vault guard
  9691 | D:14     | Killed a vault guard
  9800 | D:14     | Found a portal to a secret trove of treasure.
  9912 | D:14     | Noticed Roxanne
 10015 | D:14     | Noticed Louise
 10025 | D:14     | Killed Louise
 10098 | D:13     | Noticed a centaur warrior
 10111 | D:13     | Killed a centaur warrior
 10123 | D:12     | Noticed a two-headed ogre
 10135 | D:12     | Killed a two-headed ogre
 10135 | D:12     | Reached skill level 13 in Axes
 10135 | D:12     | Reached XP level 12. HP: 64/100 MP: 21/21
 11176 | Lair:1   | Entered Level 1 of the Lair of Beasts
 11184 | Lair:1   | Noticed a four-headed hydra
 11197 | Lair:1   | Killed a one-headed hydra
 11618 | Lair:1   | Found a dark tunnel.
 11642 | Volcano  | Entered a volcano
 11827 | Volcano  | Reached skill level 14 in Axes
 11979 | Volcano  | Noticed an ogre mage
 11986 | Volcano  | Reached XP level 13. HP: 91/108 MP: 23/23
 12000 | Volcano  | Found a radiant altar of Vehumet.
 14057 | Lair:3   | Found a runed translucent gate.
 14057 | Lair:3   | Found a runed translucent gate.
 14057 | Lair:3   | Found a runed translucent gate.
 14058 | Lair:3   | Noticed Higadal's ghost (journeyman MiFi)
 14687 | Lair:3   | Reached skill level 15 in Axes
 14947 | Lair:3   | Found a staircase to the Swamp.
 15048 | Lair:3   | Found a viscous altar of Jiyva.
 15119 | Lair:4   | Reached skill level 10 in Evocations
 16232 | Lair:4   | Found a staircase to the Snake Pit.
 16521 | Lair:5   | Reached XP level 14. HP: 97/119 MP: 25/25
 16560 | Lair:5   | Found a gate leading to a gauntlet.
 16570 | Gauntlet | Entered a Gauntlet
 16570 | Gauntlet | Found a transporter.
 16579 | Gauntlet | Found a transporter.
 16595 | Gauntlet | Found a transporter.
 16599 | Gauntlet | Found a transporter.
 16611 | Gauntlet | Found a transporter.
 16629 | Gauntlet | Found a transporter.
 16632 | Gauntlet | Found a transporter.
 16636 | Gauntlet | Found a transporter.
 16653 | Gauntlet | Noticed a balrug
 16661 | Gauntlet | Noticed a reaper
 16663 | Gauntlet | Found a transporter.
 16671 | Gauntlet | Found a transporter.
 16671 | Gauntlet | Found a transporter.
 16682 | Gauntlet | Found a transporter.
 16909 | Gauntlet | Got a wavering platinum ring
 16910 | Gauntlet | Identified the ring "Gepuotrara" {*Tele rPois Str-5 Int+3}
                  | (You found it in a Gauntlet)
 16931 | Gauntlet | Engulfed by a fire crab's flame

Skill      XL: |  1  2  3  4  5  6  7  8  9 10 11 12 13 |
---------------+----------------------------------------+-----
Dodging        | 3 4 5 6 7 8 |  8.1
Axes           | 3 4 5 6 8 9 11 13 14 15 | 15.3
Fighting       | 2 3 4 5 6 7 8 9 |  9.7
Armour         | 1 2 3 4 5 6 7 |  7.3
Evocations     | 1 2 4 5 6 8 9 10 | 10.2
Throwing       | |  1.7

Action                   |  1- 3 |  4- 6 |  7- 9 | 10-12 | 13-15 || total
-------------------------+-------+-------+-------+-------+-------++-------
Melee: War axe           |   101 |   244 |   332 |   606 |   376 ||  1659
Evoke: Wand              |       |       |     7 |    12 |     6 ||    25
  Use: Scroll            |     5 |     7 |    14 |    12 |     5 ||    43
       Potion            |       |     1 |     1 |     5 |     3 ||    10
  Eat: Chunk             |     1 |     8 |    11 |    16 |    16 ||    52
Armor: Leather armour    |    28 |       |       |       |       ||    28
       Scale mail        |    20 |    16 |       |       |       ||    36
       Ring mail         |       |    57 |    99 |   222 |   169 ||   547
Dodge: Dodged            |    80 |   170 |   196 |   405 |   270 ||  1121
Block: Other             |     8 |    42 |    64 |   121 |    60 ||   295
       Reflection        |       |       |     1 |     4 |     1 ||     6
